 Dungeon Crawl Stone Soup version 0.30-a0-913-g9934a0ce24 (webtiles) character file.

Game seed: 8953372709508569994

17229 Iniera the Slicer (level 12, -3/67 HPs)
             Began as a Vine Stalker Monk on Mar 19, 2023.
             Was a Priest of Qazlal.
             Slain by a small abomination (12 damage)
             ... on level 2 of the Abyss.
             The game lasted 00:19:52 (10197 turns).

Iniera the Slicer (Vine Stalker Monk)              Turns: 10197, Time: 00:19:52

Health: -3/67      AC: 10    Str: 18    XL:     12   Next: 45%
Magic:  0/17       EV: 18    Int: 10    God:    Qazlal [***...]
Gold:   449        SH:  4    Dex: 21    Spells: 11/11 levels left

rFire   + . .      SeeInvis .    o - +10 dagger of Conservatism {speed, rC- rCorr Str+3}
rCold   . . .      Faith    +    (no shield)
rNeg    . . .      Spirit   +    K - +0 troll leather armour
rPois   .          Reflect  .    t - +0 helmet "Wyqaihyatz" {rF+ rC+ Regen+}
rElec   .          Rampage  .    h - +0 cloak
rCorr   +                        H - +2 pair of gloves
Will    +....                    (no boots)
Stlth   ++                       L - amulet of faith
HPRegen 0.00/turn                C - ring of resist corrosion
MPRegen 0.15/turn                (no ring)

@: sick
A: fangs 3, regeneration 1, magic shield, antimagic bite, no potion heal 2
a: Renounce Religion, Upheaval, Elemental Force


You were on level 2 of the Abyss.
You worshipped Qazlal.
Qazlal was most pleased with you.
You visited 2 branches of the dungeon, and saw 12 of its levels.
You visited the Abyss 1 time.
You also visited: Sewer.

You collected 610 gold pieces.
You spent 161 gold pieces at shops.

Inventory:

Hand Weapons
 o - the +10 dagger of Conservatism (weapon) {speed, rC- rCorr Str+3}
   (You found it on level 2 of the Dungeon)

   Str:       It affects your strength (+3).
   rC:        It makes you vulnerable to cold.
   rCorr:     It protects you from acid and corrosion.
 s - a +0 dagger of electrocution
 D - a +0 rapier
Missiles
 a - a throwing net (quivered)
Armour
 h - a +0 cloak (worn)
 t - the +0 helmet "Wyqaihyatz" (worn) {rF+ rC+ Regen+}
   (You acquired it on level 4 of the Dungeon)

   rF:        It protects you from fire.
   rC:        It protects you from cold.
   Regen:     It increases your rate of health regeneration.
 H - a +2 pair of gloves (worn)
 K - a +0 troll leather armour (worn)
Jewellery
 C - a ring of resist corrosion (left hand)
 I - a ring of flight
 L - an amulet of faith (around neck)
Wands
 g - a wand of mindburst (15)
 r - a wand of light (6)
 A - a wand of paralysis (26)
 B - a wand of flame (81)
 E - a wand of roots (6)
 F - a wand of polymorph (11)
Scrolls
 b - a scroll of fear
 d - a scroll of vulnerability
 e - 2 scrolls of teleportation
 j - a scroll of identify
 l - 2 scrolls of silence
 u - a scroll of magic mapping
 y - 2 scrolls of summoning
 G - a scroll of enchant weapon
 J - a scroll of amnesia
Potions
 c - a potion of ambrosia
 f - 4 potions of lignification
 i - 2 potions of brilliance
 k - 2 potions of flight
 m - a potion of haste
 n - 8 potions of curing
 p - 4 potions of heal wounds
 q - 2 potions of attraction
 w - 2 potions of might
 x - 5 potions of mutation
 z - 2 potions of invisibility


   Skills:
 + Level 9.5 Fighting
 - Level 11.0 Short Blades
 + Level 5.0 Armour
 + Level 8.7 Dodging
 - Level 2.4 Stealth
 + Level 6.2 Invocations


You had 11 spell levels left.
You didn't know any spells.
Your spell library contained the following spells:

 Spells                   Type           Power      Damage    Failure   Level
 Kiss of Death            Conj/Necr      0%         2d5       41%         1
 Magic Dart               Conj           0%         1d3       41%         1
 Sandblast                Erth           0%         2d4       41%         1
 Passwall                 Tmut/Erth      0%         N/A       56%         2
 Searing Ray              Conj           0%         2d4       56%         2
 Dazzling Flash           Conj/Hex       0%         N/A       80%         3
 Ozocubu's Armour         Ice            0%         N/A       80%         3
 Stone Arrow              Conj/Erth      0%         3d7       80%         3
 Fulminant Prism          Conj/Hex       0%         3d5       99%         4
 Iskenderun's Mystic Bla  Conj/Tloc      0%         2d3       99%         4
 Agony                    Necr           0%         N/A       100%        5
 Silence                  Hex/Air        0%         N/A       100%        5
 Starburst                Conj/Fire      0%         6d3       100%        6
 Ozocubu's Refrigeration  Ice            0%         4d7       100%        7


Dungeon Overview and Level Annotations

Branches:
Dungeon (11/15)            Temple (1/1) D:6            Lair (0/5) D:8
    Orc (0/2) D:9           Sewer (visited)

Altars:
Ashenzari
Cheibriados
Dithmenos
Elyvilon
Fedhas
Gozag
Hepliaklqana
Kikubaaqudgha
Makhleb
Nemelex Xobeh
Okawaru
Qazlal
Ru
Sif Muna
Trog
Uskayaw
Vehumet
Wu Jian
Xom
Yredelemnul
Zin
The Shining One

Shops:
D:4 ?

Annotations:
D:9 2 runed translucent doors, Dil's ghost, novice MiBe
Abyss:2 2 runed translucent doors


Innate Abilities, Weirdness & Mutations

You have razor-sharp teeth.
Your natural rate of healing is unusually fast.
When hurt, damage is shared between your health and your magic reserves.
Your bite disrupts and absorbs the magic of your enemies.
Potions cannot restore your health.


Message History

You hit the apocalypse crab.
You kill the apocalypse crab!
Qazlal accepts your kill.
The daeva calls down the wrath of the Shining One upon you.
The Shining One smites you!
* * * LOW HITPOINT WARNING * * *
Your Armour skill increases to level 5!
You see here an apocalypse crab corpse.
You are suddenly pulled into a different region of the Abyss!
Found a corrupted altar of Lugonu.
You hear a trumpeting!
There is a corrupted altar of Lugonu here.
A hellephant comes into view.
The hellephant blinks!
Activating: Elemental Force (6% risk of failure)
Press: ? - help, Dir - look around, f - activate
Okay, then.
Activating: Elemental Force (6% risk of failure)
Press: ? - help, Dir - look around, f - activate Clouds arounds you coalesce and take form!
The storm surrounding you is now too weak to repel missiles.
You will no longer adapt resistances upon receiving elemental damage.
Your air elemental hits the hellephant. x2
Your water elemental hits the hellephant.
Your air elemental barely misses the hellephant.
The hellephant breathes flames at you.
The blast of flame hits your air elemental!!!
Your air elemental is destroyed!
Your air elemental disappears in a puff of smoke!
The blast of flame misses you.
Your water elemental hits the hellephant!
Found a large runed translucent door.
Your earth elemental hits the hellephant!!
Your water elemental misses the hellephant.
Your earth elemental disappears in a puff of smoke!
A small abomination comes into view.
The small abomination hits you!
* * * LOW HITPOINT WARNING * * *
The small abomination hits you!
You die...

##..##....###§...# #
...+#........Y..#....
#...+#.#..#E#.....#
#...#.#.#..## .E.#.#
##...#...#..#### .# #
.... ##§..##.# ..#
##...#.○##..#.. ..#
......x..##### ..#
......§@## .....
#..##...# . .##
#......#. .. #...#.#
#. .##.## ## . .


You could see a small abomination.

Vanquished Creatures
  4 two-headed ogres
  A fire crab (D:8)
  The ghost of ZoeForever1 the Conjurer, a novice DsRe (D:7)
  Pikel (D:9)
  A cyclops (D:10)
  A large abomination (Abyss:2)
  Joseph (D:10)
  Maggie (D:10)
  An apocalypse crab (Abyss:2)
  An unseen horror (D:10)
  An ancient zyme (Abyss:2)
  A troll (D:9)
  7 raiju (Abyss:2)
  5 dream sheep (D:7)
  A hornet (D:10)
  A wyvern (D:11)
  2 wraiths (D:10)
  16 yaks
  A human (shapeshifter) (D:10)
  A fire bat (Abyss:2)
  Menkaure (D:6)
  A water moccasin (D:8)
  3 acid dragons
  7 orc warriors
  2 black bears
  2 centaurs
  3 ogres
  A lemure (D:9)
  4 kobold brigands
  5 bullfrogs
  3 gnoll sergeants
  6 scorpions
  12 wights
  18 killer bees
  2 howler monkeys
  6 jellies
  4 orc priests
  2 gnoll boudas
  7 hounds
  2 iguanas
  A sleepcap (D:5)
  5 orc wizards
  Robin (D:2)
  19 gnolls
  7 adders
  A shadow imp (D:6)
  2 white imps
  5 worms
  5 dart slugs
  23 orcs
  9 ball pythons
  4 bats
  9 endoplasms
  6 giant cockroaches
  19 goblins
  11 hobgoblins
  4 jackals (D:4)
  3 quokkas
  8 frilled lizards
  21 kobolds
  7 rats
310 creatures vanquished.

Vanquished Creatures (others)
  A lurking horror (Abyss:2)
1 creature vanquished.

Grand Total: 311 creatures vanquished

Notes
Turn   | Place    | Note
-------+----------+-------------------------------------------
     0 | D:1      | Iniera the Vine Stalker Monk began the quest for the Orb.
     0 | D:1      | Reached XP level 1. HP: 11/11 MP: 2/2
    95 | D:1      | Reached skill level 3 in Short Blades
   212 | D:1      | Reached XP level 2. HP: 16/16 MP: 3/3
   579 | D:1      | Reached XP level 3. HP: 14/19 MP: 4/4
   778 | D:2      | Identified the +10 dagger of Conservatism {speed, rC- rCorr
                  | Str+3}
   827 | D:2      | Reached skill level 4 in Short Blades
  1138 | D:2      | Gained mutation: Your natural rate of healing is unusually
                  | fast. [Vine Stalker growth]
  1138 | D:2      | Reached XP level 4. HP: 23/23 MP: 5/5
  1387 | D:2      | Noticed Robin
  1535 | D:2      | Killed Robin
  1848 | D:3      | Reached XP level 5. HP: 28/28 MP: 4/6
  1919 | D:3      | Found a broken altar of Ashenzari.
  2002 | D:3      | Reached skill level 5 in Short Blades
  2071 | D:3      | Found a faded altar of an unknown god.
  2078 | D:3      | Got Plato's Essays on the Grave
  2586 | D:4      | Found a shadowy altar of Dithmenos.
  2643 | D:4      | Found an ancient bone altar of Kikubaaqudgha.
  2689 | D:4      | Found a hide-covered altar of Uskayaw.
  2715 | D:4      | Found Vynic's Magic Scroll Emporium.
  2737 | D:4      | Reached XP level 6. HP: 28/32 MP: 7/7
  2740 | D:4      | Bought a scroll of magic mapping for 105 gold pieces
  2740 | D:4      | Bought a scroll of identify for 28 gold pieces
  2740 | D:4      | Bought a scroll of identify for 28 gold pieces
  2740 | D:4      | Identified a scroll of acquirement
  2742 | D:4      | Acquired the +0 helmet "Wyqaihyatz" {rF+ rC+ Regen+}
  2914 | D:4      | Found a glowing drain.
  2931 | Sewer    | Entered a sewer
  3012 | Sewer    | Reached skill level 1 in Invocations
  3107 | Sewer    | Found a viscous altar of Jiyva.
  3289 | D:4      | Reached XP level 7. HP: 36/36 MP: 8/8
  3389 | D:4      | Found an iron altar of Okawaru.
  3509 | D:4      | Reached skill level 6 in Short Blades
  3558 | D:5      | Entered Level 5 of the Dungeon
  3734 | D:5      | Found a burning altar of Makhleb.
  3859 | D:5      | Gained mutation: You have razor-sharp teeth. [Vine Stalker
                  | growth]
  3859 | D:5      | Reached XP level 8. HP: 33/42 MP: 7/9
  4331 | D:6      | Reached skill level 7 in Short Blades
  4388 | D:6      | Noticed Menkaure
  4394 | D:6      | Killed Menkaure
  4450 | D:6      | Found an ornate altar of the Wu Jian Council.
  4551 | D:6      | Reached skill level 5 in Fighting
  4629 | D:6      | Reached skill level 8 in Short Blades
  4805 | D:6      | Found a snail-covered altar of Cheibriados.
  4880 | D:6      | Found a staircase to the Ecumenical Temple.
  4918 | D:6      | Reached XP level 9. HP: 47/47 MP: 10/10
  4942 | Temple   | Entered the Ecumenical Temple
  5364 | D:7      | Reached skill level 5 in Dodging
  5403 | D:7      | Reached skill level 9 in Short Blades
  6102 | D:7      | Found a runed translucent door.
  6105 | D:7      | Noticed ZoeForever1's ghost (novice DsRe)
  6130 | D:7      | Killed ZoeForever1's ghost
  6131 | D:7      | Reached XP level 10. HP: 49/53 MP: 9/11
  6215 | D:8      | Reached skill level 10 in Short Blades
  6504 | D:8      | Noticed a fire crab
  6505 | D:8      | Found a staircase to the Lair.
  6580 | D:8      | Killed a fire crab
  6795 | D:8      | Found a radiant altar of Vehumet.
  7019 | D:9      | Noticed Pikel
  7069 | D:9      | Killed Pikel
  7070 | D:9      | Reached skill level 11 in Short Blades
  7212 | D:9      | Found a shimmering altar of Xom.
  7250 | D:9      | Found a bloodstained altar of Trog.
  7389 | D:9      | Found a staircase to the Orcish Mines.
  7455 | D:9      | Noticed a two-headed ogre
  7462 | D:9      | Reached skill level 1 in Armour
  7462 | D:9      | Reached XP level 11. HP: 57/59 MP: 13/13
  7469 | D:9      | Killed a two-headed ogre
  7606 | D:9      | Found a large runed translucent door.
  7606 | D:9      | Found a large runed translucent door.
  7608 | D:9      | Noticed Dil's ghost (novice MiBe)
  7624 | D:9      | Found a stormy altar of Qazlal.
  7629 | D:9      | Found a basalt altar of Yredelemnul.
  7632 | D:9      | Became a worshipper of Qazlal Stormbringer
  7632 | D:9      | Reached * piety under Qazlal
  7632 | D:9      | Reached ** piety under Qazlal
  7857 | D:10     | Entered Level 10 of the Dungeon
  8033 | D:10     | Noticed Joseph
  8045 | D:10     | Killed Joseph
  8216 | D:10     | Noticed Maggie
  8228 | D:10     | Killed Maggie
  8786 | D:10     | Noticed a cyclops
  8798 | D:10     | Killed a cyclops
  8946 | D:10     | Found a glowing golden altar of the Shining One.
  8946 | D:10     | Found a white marble altar of Elyvilon.
  8946 | D:10     | Found a glowing silver altar of Zin.
  9176 | D:10     | Noticed a two-headed ogre
  9185 | D:10     | Killed a two-headed ogre
  9210 | D:10     | Noticed a two-headed ogre
  9225 | D:10     | Killed a two-headed ogre
  9228 | D:10     | Reached *** piety under Qazlal
  9236 | D:10     | Reached skill level 5 in Invocations
  9239 | D:10     | Identified the +6 trident of Qain {spect, rC+ Will+ Int-3}
  9286 | D:10     | Noticed a two-headed ogre
  9300 | D:10     | Reached XP level 12. HP: 40/66 MP: 9/16
  9305 | D:10     | Killed a two-headed ogre
  9991 | Abyss:2  | Cast into level 2 of the Abyss (a wizard)
 10092 | Abyss:2  | Reached **** piety under Qazlal
 10093 | Abyss:2  | Found a corrupted altar of Lugonu.
 10112 | Abyss:2  | Noticed a bone dragon
 10143 | Abyss:2  | Noticed a daeva
 10175 | Abyss:2  | Reached skill level 5 in Armour
 10180 | Abyss:2  | Found a corrupted altar of Lugonu.
 10186 | Abyss:2  | Noticed a hellephant
 10193 | Abyss:2  | Found a large runed translucent door.
 10194 | Abyss:2  | Found a large runed translucent door.
 10197 | Abyss:2  | Slain by a small abomination

Illustrated notes

Levels and vault maps discovered:
D:1:      minmay_arrival_jagged, layout_loops_cross
D:2:      layout_loops_ring, nicolae_wormholes, uniq_robin
D:3:      layout_basic, lemuel_crystal_altar,
          shapermc_ecumenical_altar_rom_forum, minmay_misc_feat_nine_boxes,
          minmay_misc_feat_encased, minmay_puff
D:4:      layout_loops_cross, nicolae_dithmenos_the_darkroom,
          nicolae_kikubaaqudgha_miasma_corner, mainiacjoe_overflow_big_doors,
          serial_shops, shop, cheibrodos_sewer_entry_drain
D:5:      layout_gridville, bloody_makhleb, minmay_diced_spiral
D:6:      layout_gridville, nicolae_wu_jian_immortal_techniques,
          mainiacjoe_overflow_surrounded_room,
          minmay_temple_entry_drinking_statues, kennysheep_generic_room_13,
          uniq_menkaure
D:7:      layout_loops_ring, ebering_ghost_reflecting_pool,
          dreamdust_gnoll_shepherd
D:8:      layout_basic, vehumet_altar_wand_db, minmay_lair_entry_lava
D:9:      layout_loops_cross, general_overflow_altar, minitemple,
          marbit_many_paths, orc_0_dummy, ebering_ghost_disaster_area,
          uniq_pikel
D:10:     minmay_bubble_buster, layout_layer_cave, good_gods_mini_temple,
          lightli_minifort, uniq_maggie, uniq_joseph
D:11:     layout_basic, minmay_librarian
Temple:   nicolae_temple_two_arcs
Abyss:2:  base: D:9, minivault_11, evilmike_abyss_exit_11

Skill      XL: |  1  2  3  4  5  6  7  8  9 10 11 12 |
---------------+-------------------------------------+-----
Short Blades   | 3 4 5 6 8 9 11 | 11.0
Fighting       | 3 4 5 6 7 9 |  9.5
Invocations    | 1 5 6 |  6.2
Dodging        | 3 4 6 7 8 |  8.7
Armour         | 1 4 5 |  5.0
Stealth        | |  2.4

Action                     |  1- 3 |  4- 6 |  7- 9 | 10-12 || total
---------------------------+-------+-------+-------+-------++-------
  Melee: Short sword       |    76 |   114 |       |       ||   190
         Bite              |    16 |    65 |    77 |   232 ||   390
         Dagger            |       |   148 |   243 |   596 ||   987
         Punch             |       |     1 |     5 |    12 ||    18
 Invoke: Upheaval          |       |       |       |     1 ||     1
         Elemental Force   |       |       |       |     1 ||     1
    Use: Scroll            |     2 |    11 |     6 |     8 ||    27
         Potion            |       |     2 |       |     1 ||     3
   Stab: Sleeping          |     7 |     9 |     7 |       ||    23
         Distracted        |       |     1 |     1 |       ||     2
 Armour: Robe              |    12 |    41 |    23 |    11 ||    87
         Skin              |       |    58 |       |       ||    58
         Troll leather arm |       |       |       |    41 ||    41
  Dodge: Dodged            |    49 |   155 |   118 |   175 ||   497
  Block: Other             |       |       |     4 |    46 ||    50
         Reflection        |       |       |       |     1 ||     1

Table legend: (Time is in decaauts)
 A = Elapsed time spent in this place.
 B = Non-inter-level travel time spent in this place.
 C = Inter-level travel time spent in this place.
 D = Time resting spent in this place.
 E = Time spent auto-exploring this place.
 F = Levels seen in this place.
 G = Mean time per level.
                   A        B        C        D        E       F      G
               +--------+--------+--------+--------+--------+-----+--------+
         Total |   9652 |   9262 |    390 |     50 |   7114 |  14 |  689.4 |
       Dungeon |   9093 |   8710 |    383 |     38 |   6881 |  11 |  826.6 |
        Temple |    117 |    110 |      7 |      0 |    106 |   1 |  117.0 |
         Abyss |    158 |    158 |      0 |      0 |      7 |   1 |  158.0 |
         Sewer |    283 |    283 |      0 |     12 |    119 |   1 |  283.0 |
               +--------+--------+--------+--------+--------+-----+--------+

Top non-repeatable levels by time:
    D:10: 1642 daAuts
     D:9: 919 daAuts
     D:2: 915 daAuts
     D:3: 861 daAuts
     D:7: 836 daAuts
     D:6: 829 daAuts
     D:1: 745 daAuts
     D:5: 717 daAuts
     D:4: 704 daAuts
     D:8: 637 daAuts
    D:11: 283 daAuts
   Sewer: 283 daAuts
 Abyss:2: 158 daAuts
  Temple: 117 daAuts
